 Dungeon Crawl Stone Soup version 0.23.2-40-g277498a001 (webtiles) character file.

Game seed: 12327056160499452030

93 Emblim88 the Skirmisher (level 4, -1/41 HPs)
             Began as a Hill Orc Fighter on Sept 27, 2019.
             Slain by Grinder (3 damage)
             ... on level 3 of the Dungeon.
             The game lasted 00:02:29 (1752 turns).

Emblim88 the Skirmisher (Hill Orc Fighter)          Turns: 1752, Time: 00:02:30

Health: -1/41      AC:  7    Str: 18    XL:     4   Next: 62%
Magic:  4/4        EV:  7    Int:  8    God:
Gold:   144        SH: 10    Dex: 11    Spells: 3/3 levels left

rFire    . . .     SeeInvis .   a - +0 long sword
rCold    + + .     Gourm    .   c - +1 shield
rNeg     . . .     Faith    .   b - +0 scale mail
rPois    +         Spirit   .   (no helmet)
rElec    +         Reflect  .   (no cloak)
rCorr    +         Harm     .   (no gloves)
MR       .....                  (no boots)
Stlth    ..........             (no amulet)
HPRegen  0.13/turn              m - ring of ice
MPRegen  0.09/turn              (no ring)

@: resistant
A: no striking features
a: no special abilities


You were on level 3 of the Dungeon.
You were very hungry.

You visited 1 branch of the dungeon, and saw 3 of its levels.

You collected 144 gold pieces.

Inventory:

Hand Weapons
 a - a +0 long sword (weapon)
Armour
 b - a +0 scale mail (worn)
 c - a +1 shield (worn)
Jewellery
 m - a ring of ice (left hand)
Scrolls
 g - 2 scrolls of teleportation
 h - a scroll of identify
 j - a scroll of immolation
 p - 2 scrolls of enchant armour
 r - a scroll of amnesia
 u - a scroll of fear {unknown}
Potions
 d - 2 potions of might
 e - a potion of resistance
 i - a potion of magic {unknown}
 k - a potion of lignification {unknown}
 l - a potion of agility {unknown}
 n - a potion of heal wounds {unknown}
 q - a potion of curing {unknown}
Comestibles
 f - 4 rations


   Skills:
 * Level 4.6 Fighting
 * Level 3.4 Long Blades
 + Level 3.8 Armour
 + Level 3.8 Shields


You had 3 spell levels left.
You didn't know any spells.
Your spell library was empty.

Dungeon Overview and Level Annotations

Branches:
Dungeon (3/15)

Altars:
Xom

Annotations:
D:3 Grinder


Message History

You block the kobold's attack. Grinder hits you!
You are too injured to fight recklessly!
You are too injured to fight recklessly!
You are too injured to fight recklessly!
You are too injured to fight recklessly!
You are too injured to fight recklessly!
You are too injured to fight recklessly!
You closely miss the kobold. You block the kobold's attack.
Grinder closely misses you.
You barely miss the kobold. The kobold closely misses you. Grinder hits you!
* * * LOW HITPOINT WARNING * * *
You writhe in agony.
* * * LOW HITPOINT WARNING * * *
The kobold hits you.
* * * LOW HITPOINT WARNING * * *
It was a potion of resistance.
You feel protected.
Grinder says, "You look like you could use a good racking."
Grinder hits you.
You die...

###. ..[# ... ...##
##....... ## .......
.# #..... .######## #
#..#.# # ........#
#.##..K.#.# ...####.#
#....5@...# .....##.#
####...#### .#.#.##.#
#...# ...#.##.# #...#
##<.....######...#####
##.#.#................
.....†.........†......
##.#.#.#..............
#.#.#.##.####...#####


You could see Grinder and a kobold.

Vanquished Creatures
  3 adders (D:2)
  An ooze (D:1)
  A worm (D:2)
  2 dart slugs
  A leopard gecko (D:2)
  A ball python (D:3)
  6 giant cockroaches
  4 goblins
  5 hobgoblins
  3 jackals (D:1)
  6 kobolds
  A quokka (D:3)
  6 bats
  5 frilled lizards
  9 rats
54 creatures vanquished.

Notes
Turn   | Place    | Note
-------+----------+-------------------------------------------
     0 | D:1      | Emblim88 the Hill Orc Fighter began the quest for the Orb.
     0 | D:1      | Reached XP level 1. HP: 19/19 MP: 1/1
   186 | D:1      | Reached XP level 2. HP: 27/27 MP: 2/2
   214 | D:1      | Reached skill level 4 in Fighting
   472 | D:1      | Reached XP level 3. HP: 32/33 MP: 3/3
  1025 | D:2      | Reached XP level 4. HP: 24/41 MP: 4/4
  1310 | D:2      | Found a shimmering altar of Xom.
  1743 | D:3      | Noticed Grinder
  1751 | D:3      | HP: 2/41 [kobold (3)]
  1752 | D:3      | Slain by Grinder

Skill      XL: |  1  2  3 |
---------------+----------+-----
Fighting       | 4 |  4.6
Long Blades    | 3 |  3.4
Armour         | |  3.8
Shields        | |  3.8

Action                   |  1- 3 |  4- 6 || total
-------------------------+-------+-------++-------
Melee: Long sword        |    95 |    73 ||   168
  Use: Scroll            |       |     6 ||     6
       Potion            |       |     1 ||     1
  Eat: Chunk             |       |     2 ||     2
Armor: Scale mail        |    47 |    26 ||    73
Dodge: Dodged            |    41 |    29 ||    70
Block: Shield            |    53 |    38 ||    91
       Rpst.: Long sword |    10 |    11 ||    21
